 Dungeon Crawl Stone Soup version 0.28.0-43-g3370ac3207 (webtiles) character file.

Game seed: 9711632142490830684

193 Icepheonix32 the Covert (level 5, -3/27 HPs)
             Began as a Spriggan Delver on Mar 21, 2022.
             Slain by a gnoll
             ... wielding a +0 spear
              (7 damage)
             ... on level 5 of the Dungeon.
             The game lasted 00:01:22 (775 turns).

Icepheonix32 the Covert (Spriggan Delver)            Turns: 775, Time: 00:01:22

Health: -3/27      AC:  2    Str:  8    XL:     5   Next: 44%
Magic:  6/6        EV: 18    Int: 12    God:
Gold:   12         SH:  0    Dex: 18    Spells: 1/4 levels left

rFire   . . .      SeeInvis +   a - +0 short sword
rCold   . . .      Faith    .   (no shield)
rNeg    . . .      Spirit   .   b - +0 robe
rPois   .          Reflect  .   (helmet restricted)
rElec   .          Harm     .   (no cloak)
rCorr   .          Rampage  .   (gloves unavailable)
Will    .....                   (boots unavailable)
Stlth   +++++.....              (no amulet)
HPRegen 0.09/turn               (no ring)
MPRegen 0.10/turn               (no ring)

@: very quick
A: very small, no large weapons, unfitting armour, see invisible, speed 3
a: no special abilities


You were on level 5 of the Dungeon.
You visited 1 branch of the dungeon, and saw 1 of its levels.

You collected 12 gold pieces.

Inventory:

Hand Weapons
 a - a +0 short sword (weapon)
Armour
 b - a +0 robe (worn)
Wands
 g - a wand of digging (3)
Scrolls
 c - a scroll of fog
 d - a scroll of magic mapping
 e - a scroll of fear
 h - 3 scrolls of identify {unknown}
 i - a scroll of noise {unknown}
Potions
 f - a potion of haste
 j - a potion of attraction {unknown}


   Skills:
 + Level 2.4 Fighting
 + Level 2.3 Short Blades
 * Level 2.9 Dodging
 * Level 10.9 Stealth
 * Level 0.6 Hexes


You had one spell level left.
You knew the following spells:

 Your Spells              Type           Power      Damage    Failure   Level
a - Tukima's Dance        Hex            1%         N/A       61%         3

Your spell library contained the following spells:

 Spells                   Type           Power      Damage    Failure   Level
 Anguish                  Hex/Necr       0%         N/A       96%         4
 Enfeeble                 Hex            0%         N/A       100%        7


Dungeon Overview and Level Annotations

Branches:
Dungeon (5/15)
 Temple: D:4-7

Altars:
Okawaru
Ru


Innate Abilities, Weirdness & Mutations

You are very small and have problems with some larger weapons.
You are too small for most types of armour.
You have supernaturally acute eyesight. (SInv)
You cover ground extremely quickly. (Speed+++)


Message History

You hit the gnoll.
The gnoll is lightly wounded.
The gnoll hits you with a +0 spear.
You hit the gnoll.
The gnoll is heavily wounded.
The gnoll misses you.
You hit the gnoll but do no damage.
The gnoll is heavily wounded.
The gnoll hits you with a +0 spear.
You closely miss the gnoll.
The gnoll is heavily wounded.
The gnoll hits you with a +0 spear.
You barely miss the gnoll.
The gnoll is heavily wounded.
You closely miss the gnoll.
The gnoll is heavily wounded.
The gnoll closely misses you.
You barely miss the gnoll.
The gnoll is heavily wounded.
The gnoll completely misses you.
You closely miss the gnoll.
The gnoll is heavily wounded.
The gnoll hits you but does no damage.
You hit the gnoll.
The gnoll is severely wounded.
The gnoll hits you with a +0 spear.
* * * LOW HITPOINT WARNING * * *
You barely miss the gnoll.
The gnoll is severely wounded.
The gnoll completely misses you.
You barely miss the gnoll.
The gnoll is severely wounded.
The gnoll completely misses you.
You hit the gnoll but do no damage.
The gnoll is severely wounded.
The gnoll barely misses you.
You closely miss the gnoll.
The gnoll is severely wounded.
The gnoll hits you with a +0 spear!
You die...

################## ######
#......g@........# #.....
###.##############.# #.###.
#.......# #.# #...#. #.#.###.##
##.###.#.##
#.#......########.#.#..#...
#######.#†.....##......###...####
..................#.....#........
...####.##...................####
##.# #.# ....h########..##..#...


You could see a gnoll.

Vanquished Creatures
  A necrophage (D:5)
  A scorpion (D:5)
  A bullfrog zombie (D:5)
  A hound skeleton (D:5)
  A worm (D:5)
  An orc (D:5)
6 creatures vanquished.

Notes
Turn   | Place    | Note
-------+----------+-------------------------------------------
     0 | D:5      | Icepheonix32 the Spriggan Delver began the quest for the
                  | Orb.
     0 | D:5      | Reached XP level 1. HP: 11/11 MP: 2/2
   103 | D:5      | Noticed a necrophage
   110 | D:5      | Killed a necrophage
   111 | D:5      | Reached skill level 9 in Stealth
   111 | D:5      | Reached XP level 2. HP: 16/16 MP: 3/3
   111 | D:5      | Reached XP level 3. HP: 19/19 MP: 4/4
   111 | D:5      | Reached XP level 4. HP: 23/23 MP: 5/5
   146 | D:5      | Reached skill level 10 in Stealth
   554 | D:5      | Learned a level 3 spell: Tukima's Dance
   581 | D:5      | Noticed a scorpion
   588 | D:5      | Killed a scorpion
   589 | D:5      | Reached XP level 5. HP: 27/27 MP: 6/6
   599 | D:5      | Found a sacrificial altar of Ru.
   599 | D:5      | Found an iron altar of Okawaru.
   775 | D:5      | Slain by a gnoll

Illustrated notes

Levels and vault maps discovered:
D:5:      layout_loops_ring, mainiacjoe_overflow_large_starburst,
          nicolae_overflow_hidden_temple

Skill      XL: |  1  2  3  4 |
---------------+-------------+-----
Stealth        | 9 10 | 10.9
Fighting       | |  2.4
Short Blades   | |  2.3
Dodging        | |  2.9
Hexes          | |  0.6

Action                   |  1- 3 |  4- 6 || total
-------------------------+-------+-------++-------
Melee: Short sword       |     1 |    45 ||    46
 Stab: Sleeping          |     1 |     2 ||     3
Armor: Robe              |       |     5 ||     5
Dodge: Dodged            |       |    39 ||    39
